 Dungeon Crawl Stone Soup version 0.26.0-15-gc6cd9f700b (webtiles) character file.

Game seed: 10858334167940623024

30 EnegeticOcto the Sneak (level 3, -1/33 HPs)
             Began as a Deep Dwarf Delver on Jan 16, 2021.
             Slain by an orc
             ... wielding a +0 whip
              (3 damage)
             ... on level 5 of the Dungeon.
             The game lasted 00:00:30 (47 turns).

EnegeticOcto the Sneak (Deep Dwarf Delver)            Turns: 47, Time: 00:00:30

Health: -1/33      AC:  3    Str: 16    XL:     3   Next: 5%
Magic:  0/3        EV: 12    Int: 10    God:
Gold:   12         SH:  0    Dex: 14    Spells: 2/2 levels left

rFire    . . .     SeeInvis .   a - +0 hand axe
rCold    . . .     Faith    .   (no shield)
rNeg     . . .     Spirit   .   b - +0 leather armour
rPois    .         Reflect  .   (no helmet)
rElec    .         Harm     .   (no cloak)
rCorr    .         Rampage  .   (no gloves)
Will     .....                  (no boots)
Stlth    +++.......             (no amulet)
HPRegen  0.00/turn              (no ring)
MPRegen  0.08/turn              (no ring)

@: non-regenerating
A: damage resistance, heal wounds, sense surroundings 1, no regeneration
a: Heal Wounds


You were on level 5 of the Dungeon.
You visited 1 branch of the dungeon, and saw 1 of its levels.

You collected 12 gold pieces.

Inventory:

Hand Weapons
 a - a +0 hand axe (weapon)
Armour
 b - a +0 leather armour (worn)
Wands
 g - a wand of digging (3) {@v3}
Scrolls
 c - a scroll of fog {!r}
 e - a scroll of fear {!r}
Potions
 f - a potion of haste {@q4 !q}


   Skills:
 - Level 2.6 Fighting
 + Level 3.9 Axes
 - Level 2.1 Dodging
 - Level 6.0 Stealth


You had 2 spell levels left.
You didn't know any spells.
Your spell library was empty.

Dungeon Overview and Level Annotations

Branches:
Dungeon (5/15)
 Temple: D:4-7

Altars:
Elyvilon


Innate Abilities, Weirdness & Mutations

You are resistant to damage.
You can heal yourself by infusing magical energy.
You passively map a small area around you.
You do not regenerate.


Message History

Welcome, EnegeticOcto the Deep Dwarf Delver.
It is said that the Orb of Zot exists deep within this dungeon.
Press ? for a list of commands and other information.
Found 12 gold pieces.
Found a stone staircase leading down.
You now have 11 gold pieces.
You now have 12 gold pieces (gained 1).
You open the door.
A centaur zombie comes into view.
There is an open door here.
Really read
d - a scroll of magic mapping {@r5 !r}?
As you read the scroll of magic mapping {@r5 !r}, it crumbles to dust.
You feel aware of your surroundings.
You sensed 1 altar.
There is an open door here.
You hit the centaur zombie.
The centaur zombie is lightly damaged.
The centaur zombie hits you.
You slash the centaur zombie!
The centaur zombie is heavily damaged.
The centaur zombie hits you. The centaur zombie closely misses you.
You hit the centaur zombie.
The centaur zombie is heavily damaged.
The centaur zombie barely misses you. The centaur zombie hits you!
You are too injured to fight recklessly!
You are too injured to fight recklessly!
You are too injured to fight recklessly!
You hit the centaur zombie.
The centaur zombie is severely damaged.
The centaur zombie hits you!
* * * LOW HITPOINT WARNING * * *
You hit the centaur zombie.
The centaur zombie is severely damaged.
The centaur zombie hits you.
* * * LOW HITPOINT WARNING * * *
The centaur zombie closely misses you.
You fail to use your ability.
The centaur zombie hits you.
* * * LOW HITPOINT WARNING * * *
You feel much better. The centaur zombie closely misses you.
You slash the centaur zombie!
The centaur zombie is almost destroyed.
The centaur zombie hits you. x2
You hit the centaur zombie.
You destroy the centaur zombie!
Your Axes skill increases to level 3!
You have reached level 2!
You have reached level 3!
Your experience leads to an increase in your attributes!
Increase (s)trength, (i)ntelligence, or (d)exterity?
You feel stronger.
An orc comes into view. 2 orcs come into view.
An orc is wielding a +1 antimagic trident.
A white imp comes into view.
Found a white marble altar of Elyvilon.
The helpless orc fails to defend itself.
You hit the orc.
The orc is heavily wounded.
The helpless orc fails to defend itself.
You hit the orc but do no damage. The orc hits you but does no damage.
The orc hits you with a +1 antimagic trident.
You feel your power leaking away.
You hit the orc.
The orc is severely wounded.
You barely miss the orc. You hit the orc. The orc barely misses you.
The orc hits you with a +1 antimagic trident.
The orc hits you.
You hit the orc but do no damage.
The orc is severely wounded.
You hit the orc. You hit the orc but do no damage. The orc closely misses you.
The orc hits you but does no damage.
The orc hits you with a +1 antimagic trident.
You hit the orc but do no damage.
The orc is severely wounded.
You hit the orc but do no damage. You completely miss the orc.
The white imp shouts!
The orc hits you but does no damage. The orc barely misses you. x2
You barely miss the orc.
The orc is severely wounded.
You completely miss the orc. You hit the orc.
The white imp shouts, "Give up, thou craven crook-pated wormtrail!"
The orc hits you but does no damage. The orc closely misses you. x2
You hit the orc.
The orc is almost dead.
You hit the orc but do no damage. You hit the orc. The orc barely misses you.
The orc closely misses you.
The orc hits you with a +1 antimagic trident!
* * * LOW HITPOINT WARNING * * *
The orc hits you with a +0 whip.
* * * LOW HITPOINT WARNING * * *
You hit the orc but do no damage.
The orc is almost dead.
You closely miss the orc. You hit the orc but do no damage.
The orc hits you but does no damage. x2; The orc hits you with a +0 whip.
* * * LOW HITPOINT WARNING * * *
The orc barely misses you.
You barely miss the orc.
The orc is almost dead.
You closely miss the orc. You hit the orc but do no damage. The orc misses you.
The orc hits you with a +0 whip.
You die...

...###...#,,,,........,,,,*
...###+####+###.....#******
..............#.....#
..............#.....#
..............#.....#
..............#.....#
#####..####+#.......#******
,,**##+#.....###.##....,,,*
,,*,,,,#.....*#o@.#,,,.,,,*
,,*,,,,+.....*#oo.#,,,,,,,*
,,*,,,,#.....*#.5.#,,,,,,,*
.,*,***#.....*##.##,,,,,,,*
*****,,.....#* #.#******,,*
*,,,***** *#.#* *****,*
*,,,*,,,***...***,,,*,*
*,,,,,⌠,,,,._.,,,,⌠,,,*
*****,,,*,,,***,,,***,,,***


You could see a white imp and 3 orcs.

Vanquished Creatures
  A centaur zombie (D:5)
1 creature vanquished.

Notes
Turn   | Place    | Note
-------+----------+-------------------------------------------
     0 | D:5      | EnegeticOcto the Deep Dwarf Delver began the quest for the
                  | Orb.
     0 | D:5      | Reached XP level 1. HP: 20/20 MP: 1/1
    28 | D:5      | Reached skill level 3 in Axes
    28 | D:5      | Reached XP level 2. HP: 17/27 MP: 2/2
    28 | D:5      | Reached XP level 3. HP: 21/33 MP: 3/3
    39 | D:5      | Found a white marble altar of Elyvilon.
    47 | D:5      | Slain by an orc

Illustrated notes

Levels and vault maps discovered:
D:5:      layout_gridville, elyvilon_altar_1, st_stairs_11

Skill      XL: |  1 |
---------------+----+-----
Axes           | 3 |  3.9
Fighting       | |  2.6
Dodging        | |  2.1
Stealth        | |  6.0

Action                   || total
-------------------------++-------
Melee: Hand axe          ||    15
 Abil: Heal Wounds       ||     1
  Use: Scroll            ||     1
 Stab: Sleeping          ||     2
Armor: Leather armour    ||     5
Dodge: Dodged            ||    14
